 Dungeon Crawl Stone Soup version 0.21-a0-348-ga060c75 (webtiles) character file.

1553 EvilAshe the Quickloader (level 9, -5/55 HPs)
             Began as a Kobold Hunter on Oct 6, 2017.
             Was an Initiate of Fedhas.
             Shot with a sling bullet by Joseph (10 damage)
             ... on level 7 of the Dungeon.
             The game lasted 00:23:08 (8596 turns).

EvilAshe the Quickloader (Kobold Hunter)            Turns: 8596, Time: 00:23:08

Health: -5/55      AC:  7    Str:  9    XL:     9   Next: 12%
Magic:  9/9        EV: 19    Int: 12    God:    Fedhas [......]
Gold:   333        SH:  0    Dex: 19    Spells: 8/8 levels left

rFire    . . .     SeeInvis .   b - +0 falchion
rCold    . . .     Gourm    .   (shield restricted)
rNeg     . . .     Faith    .   c - +0 leather armour
rPois    +         Spirit   .   (no helmet)
rElec    .         Reflect  .   t - +0 cloak
rCorr    .         Harm     .   (no gloves)
MR       .....                  l - +2 pair of boots
Stlth    ++........             (no amulet)
HPRegen  0.18/turn              u - ring of poison resistance
MPRegen  0.11/turn              (no ring)

@: no status effects
A: carnivore 3
a: Fungal Bloom, Renounce Religion


You were on level 7 of the Dungeon.
You worshipped Fedhas.
Fedhas was noncommittal.
You were very full.

You visited 2 branches of the dungeon, and saw 9 of its levels.

You collected 333 gold pieces.

Inventory:

Hand Weapons
 a - a +1 hand crossbow
 b - a +0 falchion (weapon)
 G - a +0 short sword
Missiles
 d - 2 bolts
 h - 64 stones (quivered)
 v - 10 tomahawks
Armour
 c - a +0 leather armour (worn)
 l - a +2 pair of boots (worn)
 t - a +0 cloak (worn)
Jewellery
 u - a ring of poison resistance (left hand)
Wands
 p - a wand of random effects (25/48)
 C - a wand of paralysis (6/24)
Scrolls
 e - a scroll of recharging
 i - 2 scrolls of blinking
 k - 4 scrolls of teleportation
 m - 8 scrolls of remove curse
 n - a scroll of noise {unknown}
 w - a scroll of enchant weapon {unknown}
 x - a scroll of amnesia
 y - a scroll of immolation
 z - a scroll of magic mapping
 F - a scroll of vulnerability {unknown}
 H - a scroll of enchant armour {unknown}
Potions
 g - a potion of agility
 j - 3 potions of might
 q - a potion of curing
 r - a potion of heal wounds
 s - a potion of invisibility
 A - 3 potions of lignification
 B - a potion of flight
Books
 o - a book of Misfortune

   Spells                             Type                      Level
   a - Confusing Touch                Hexes                        1
   b - Confuse                        Hexes                        3
   c - Gell's Gravitas                Translocation                3
   d - Petrify                        Transmutation/Earth          4
   e - Metabolic Englaciation         Hexes/Ice                    5
   f - Yara's Violent Unravelling     Hexes/Transmutation          5
 E - a book of Maledictions

   Spells                             Type                      Level
   a - Corona                         Hexes                        1
   b - Ensorcelled Hibernation        Hexes/Ice                    2
   c - Confuse                        Hexes                        3
   d - Tukima's Dance                 Hexes                        3
   e - Dazzling Spray                 Conjuration/Hexes            3
Comestibles
 f - 3 meat rations
 D - 2 royal jellies


   Skills:
 + Level 6.1 Fighting
 + Level 1.9 Long Blades
 - Level 10.0 Crossbows
 + Level 6.7 Dodging
 - Level 1.3 Stealth


You had 8 spell levels left.
You didn't know any spells.

Dungeon Overview and Level Annotations

Branches:
Dungeon (8/15)             Temple (1/1) D:5
   Lair: D:8-11

Altars:
Ashenzari
Cheibriados
Dithmenos
Fedhas
Gozag
Hepliaklqana
Kikubaaqudgha
Makhleb
Nemelex Xobeh
Okawaru
Qazlal
Ru
Sif Muna
Trog
Uskayaw
Vehumet
Xom
Yredelemnul
Zin
The Shining One

Shops:
D:4 *

Annotations:
D:3 haldagan's ghost, amateur OpMo
D:7 Joseph


Innate Abilities, Weirdness & Mutations

You are small and have problems with some larger weapons.
You are carnivorous and can eat meat at any time.


Message History

The orc is severely wounded.
The orc hits you with a mace.
Nothing appears to happen.
The orc misses you.
The orc hits the toadstool with a mace.
You hear the creaking of a very distant portcullis.
The orc hits the toadstool with a mace.
The toadstool is destroyed!
The ogre shouts!
The ogre closely misses you.
Joseph unwields an uncursed quarterstaff of protection.
Joseph wields a glowing hunting sling.
Joseph shoots a sling bullet.
The sling bullet hits you.
You see here a sling bullet.
The ogre closely misses you.
Joseph shoots a sling bullet.
The sling bullet hits you!
* * * LOW HITPOINT WARNING * * *
You see here a sling bullet.
Joseph shoots a sling bullet.
The sling bullet hits you!
You die...
Fedhas appreciates your contribution to the ecosystem.

***,,,,,,,,,,,********##
*,,,...,......,,,* *..
*,,,.....#...,,,,***..
****#.##.#.......+**,,
**###***##.##.........#***,
*,,..,,,,...........?.###*,
***#.****#.##.##...>....#*.
#.#####.##.##........##.
#.<).((@oO...........##.
#######...5..(.......##.
#.(..(.#'##.....#.
***#.........<####.#.
*........o....# #.#.
#..#..........# #...
#..#.......#.## #.oo
***#.,#.......@.# #.#.
*,,,,.........#.#######.


You could see Joseph, an ogre, a shadow imp and 2 orcs.

Vanquished Creatures
  A water moccasin (D:6)
  A sky beast (D:4)
  2 phantoms (D:4)
  An ogre (D:6)
  A centaur (D:5)
  3 bullfrogs
  A scorpion (D:4)
  4 wights (D:6)
  A crimson imp (D:5)
  A centaur zombie (D:5)
  A bullfrog skeleton (D:5)
  2 hounds
  An orc wizard (D:3)
  Natasha (thrice) (D:3)
  2 iguanas
  4 worker ants (D:5)
  A howler monkey zombie (D:5)
  A worker ant zombie (D:5)
  3 gnolls
  5 adders
  A shadow imp (D:6)
  An adder skeleton (D:4)
  3 worms
  3 dart slugs
  2 leopard geckos
  13 orcs
  10 bats
  6 giant cockroaches
  8 goblins
  8 hobgoblins
  4 jackals (D:1)
  2 quokkas (D:3)
  2 ball pythons
  8 frilled lizards
  A giant cockroach zombie (D:5)
  7 kobolds
  5 rats
123 creatures vanquished.

Vanquished Creatures (others)
  11 toadstools
11 creatures vanquished.

Grand Total: 134 creatures vanquished

Notes
Turn   | Place    | Note
-------+----------+-------------------------------------------
     0 | D:1      | EvilAshe the Kobold Hunter began the quest for the Orb.
     0 | D:1      | Reached XP level 1. HP: 12/12 MP: 1/1
   117 | D:1      | Reached skill level 5 in Crossbows
   140 | D:1      | Reached XP level 2. HP: 6/18 MP: 2/2
   892 | D:1      | Reached XP level 3. HP: 10/22 MP: 3/3
  1464 | D:2      | Found a shimmering altar of Xom.
  1772 | D:2      | Reached XP level 4. HP: 19/27 MP: 4/4
  2116 | D:2      | Reached skill level 6 in Crossbows
  2722 | D:3      | Reached XP level 5. HP: 25/32 MP: 5/5
  2781 | D:3      | Found a shattered altar of Ashenzari.
  2782 | D:3      | Noticed haldagan's ghost (amateur OpMo)
  3274 | D:4      | Reached XP level 6. HP: 18/37 MP: 6/6
  3710 | D:4      | Noticed a phantom
  3729 | D:4      | Killed a phantom
  3729 | D:4      | Reached skill level 7 in Crossbows
  4240 | D:4      | Noticed a phantom
  4270 | D:4      | Killed a phantom
  4270 | D:4      | Reached XP level 7. HP: 34/43 MP: 7/7
  4466 | D:4      | Found Xegaopsu's General Store.
  4719 | D:5      | Entered Level 5 of the Dungeon
  4952 | D:5      | Found an ancient bone altar of Kikubaaqudgha.
  4980 | D:5      | Found a staircase to the Ecumenical Temple.
  4989 | Temple   | Entered the Ecumenical Temple
  5427 | D:3      | Noticed Natasha
  5439 | D:3      | Killed Natasha
  5439 | D:3      | Reached skill level 8 in Crossbows
  5439 | D:3      | Reached skill level 5 in Dodging
  5752 | D:3      | Noticed Natasha
  5756 | D:3      | Killed Natasha
  6064 | D:5      | Found a blossoming altar of Fedhas.
  6097 | D:5      | Became a worshipper of Fedhas Madash
  6210 | D:5      | Reached XP level 8. HP: 48/48 MP: 8/8
  6421 | D:5      | Reached skill level 5 in Fighting
  6454 | D:5      | HP: 2/49 [poisoned by a worker ant]
  6779 | D:5      | Found a hide-covered altar of Uskayaw.
  7042 | D:5      | Reached skill level 9 in Crossbows
  7452 | D:3      | Noticed Natasha
  7463 | D:3      | Killed Natasha
  7798 | D:6      | Reached skill level 1 in Long Blades
  8248 | D:6      | You fall through a shaft!
  8294 | D:7      | Noticed a hippogriff
  8375 | D:6      | Found the +18 shield of the Gong {rElec rN+ MR+ EV-5}
  8421 | D:6      | Reached XP level 9. HP: 41/55 MP: 9/9
  8546 | D:7      | Noticed Joseph
  8558 | D:7      | Reached skill level 10 in Crossbows
  8596 | D:7      | Shot with a sling bullet by Joseph

Vault maps used:
D:1:      matt_arrival_diagonals
D:2:      tgw_xom, minmay_box_of_dots
D:3:      nicolae_ashenzari_panopticon, first_bread, uniq_natasha
D:4:      serial_shops, nicolae_shop_stone, serial_forest,
          infiniplex_forest_corner_1, infiniplex_forest_pool,
          infiniplex_forest_lined_room_2, infiniplex_forest_lined_corner,
          kennysheep_nub
D:5:      fedhas_bush_and_centaur_altar, old_standard_altar,
          minmay_temple_entry_glass, minmay_ruined_shrine
D:7:      marbit_many_paths, enter_bailey_2, grunt_ogre_cave,
          minmay_misc_feat_rows, uniq_joseph, uniq_menkaure
D:8:      minmay_bloctagon, elyvilon_altar_5
Temple:   eino_temple_rhombus

Skill      XL: |  1  2  3  4  5  6  7  8  9 |
---------------+----------------------------+-----
Crossbows      | 5 6 7 8 9 10 | 10.0
Dodging        | 3 4 5 6 |  6.7
Fighting       | 3 4 5 6 |  6.1
Long Blades    | 1 |  1.9
Stealth        | |  1.3

Action                   |  1- 3 |  4- 6 |  7- 9 || total
-------------------------+-------+-------+-------++-------
Melee: Short sword       |   144 |   157 |   199 ||   500
       Falchion          |       |       |   108 ||   108
 Fire: Hand crossbow     |     7 |    62 |    96 ||   165
Throw: Stone             |    61 |   135 |    95 ||   291
Invok: Fungal Bloom      |       |       |     7 ||     7
  Use: Scroll            |     4 |     2 |    10 ||    16
       Potion            |       |       |     1 ||     1
 Stab: Sleeping          |     1 |       |     1 ||     2
  Eat: Chunk             |    11 |     8 |    13 ||    32
Armor: Leather armour    |    27 |    42 |    61 ||   130
Dodge: Dodged            |   109 |   138 |   324 ||   571
       Rpst.: Falchion   |       |       |    55 ||    55

Table legend:
 A = Spawn XP
 B = Non-spawn XP
 C = Spawn XP percentage of total XP
 D = Spawn monster count
 E = Non-spawn monster count
 F = Spawn count percentage of total count
 G = Total turns spent on level
                    A         B        C        D         E        F      G
               +---------+---------+-------+---------+---------+-------+---------
         Total |       0 |    2219 |   0.0 |       0 |     123 |   0.0 |  8596
               +---------+---------+-------+---------+---------+-------+---------
           D:1 |       0 |      37 |   0.0 |       0 |      20 |   0.0 |  1265
           D:2 |       0 |      76 |   0.0 |       0 |      25 |   0.0 |  1314
           D:3 |       0 |     198 |   0.0 |       0 |      28 |   0.0 |  1336
           D:4 |       0 |     512 |   0.0 |       0 |      12 |   0.0 |  1964
           D:5 |       0 |     505 |   0.0 |       0 |      16 |   0.0 |  1516
           D:6 |       0 |     727 |   0.0 |       0 |      16 |   0.0 |   878
           D:7 |       0 |     164 |   0.0 |       0 |       6 |   0.0 |   184
               +---------+---------+-------+---------+---------+-------+---------
